 Dungeon Sprint DCSS version 0.14-a0-2542-g51e44bb (webtiles) character file.

3786 Kae the Unseen (level 9, -6/39 HPs)
             Began as a Spriggan Enchanter on Feb 10, 2014.
             Mangled by a demonic crawler (10 damage)
             ... while paralysed by a giant eyeball
             ... in the Dungeon (Sprint I: "Red Sonja").
             The game lasted 00:02:54 (1239 turns).

Kae the Unseen (Spriggan Enchanter)                 Turns: 1239, Time: 00:02:54

HP  -6/39        AC  0     Str  7      XL: 9   Next: 44%
MP  28/30        EV  4     Int 16      God:
Gold 986         SH  0     Dex 17      Spells:  3 memorised, 23 levels left

rFire  . . .     SeeInvis +     a - +1 dagger
rCold  . . .     Clarity  .     j - -2 robe (curse)
rNeg   . . .     Conserve .     (shield restricted)
rPois  .         rCorr    .     (helmet restricted)
rElec  .         rRot     .     (no cloak)
SustAb . .       Spirit   .     (gloves unavailable)
rMut   .         Warding  .     (boots unavailable)
Saprov . . .     NoTele   +     (no amulet)
MR     +....                    (no ring)
                                o - ring of wizardry

@: paralysed, very quick, somewhat resistant to hostile enchantments,
extraordinarily stealthy
A: unfitting armour, see invisible, herbivore 3, speed 3, slow metabolism 2
a: no special abilities


You were in the Dungeon.
You were not hungry.

You visited 1 branch You collected 986 gold pieces.

Inventory:

Hand weapons
 a - a +1,+1 dagger (weapon)
Missiles
 d - 11 darts (quivered)
Armour
 b - a +1 robe
 j - a cursed -2 robe (worn)
Magical devices
 m - a wand of digging (22) {unknown}
 p - a wand of draining (6) {unknown}
Scrolls
 q - a scroll of identify {unknown}
Jewellery
 o - a ring of wizardry (left hand)
Potions
 e - a potion of porridge
 f - 3 potions of curing
 g - a potion of heal wounds
 h - 2 potions of speed
 i - 2 potions of magic
 l - a potion of berserk rage
 n - 2 potions of mutation {unknown}
Books
 c - a book of Maledictions

   Spells                             Type                      Level
   *Corona                            Hexes                        1
   Sure Blade                         Hexes/Charms                 2
   *Ensorcelled Hibernation           Hexes/Ice                    2
   *Confuse                           Hexes                        3
   Enslavement                        Hexes                        4
   Invisibility                       Hexes                        6


   Skills:
 * Level 13.6 Short Blades
 - Level 1.1 Throwing
 - Level 3.0 Dodging
 * Level 18.5 Stealth
 + Level 10.6 Spellcasting
 + Level 11.0 Hexes


You had 23 spell levels left.
You knew the following spells:

 Your Spells              Type           Power        Failure   Level  Hunger
a - Corona                Hex            #####..      1%          1    None
b - Ensorcelled Hibernat  Hex/Ice        ####..       1%          2    None
c - Confuse               Hex            #####...     1%          3    None


Dungeon Overview and Level Annotations

Branches:
Dungeon (1/1)

Altars:
Cheibriados
Elyvilon
Kikubaaqudgha
Makhleb
Xom
Yredelemnul
Zin

Shops:
D =?[


Innate Abilities, Weirdness & Mutations

You are tiny and cannot use many weapons and most armour.
You have supernaturally acute eyesight.
You are a herbivore.
You cover ground extremely quickly.
You need consume almost no food.


Message History

There is an open door here.
There is an open door here.
There is an open door here.
There is an open door here. 4 demonic crawlers come into view.
There is an open door here.
The demonic crawler gives a hideous shriek!
The demonic crawler moves out of view.
Casting: Confuse
Confirm with . or Enter, or press ? or * to list all spells.
Aiming: Ensorcelled Hibernation
Press: ? - help, Shift-Dir - straight line, f - demonic crawler
Aim: a demonic crawler (clinging)
The demonic crawler is unaffected.
The demonic crawler closely misses you. The demonic crawler barely misses you.
The demonic crawler hits you! The giant eyeball stares at you.
You suddenly lose the ability to move!
The demonic crawler hits you!
* * * LOW HITPOINT WARNING * * *
The demonic crawler hits you!
You die...

##################
.#..'..#__#..'..@#
)'%.#..'..'..#.Gs#
'#####'#__####).ss.s#
.#...#.####§§#####..+
##..##.#§≈§§§#..# +##
.##'#.§'§§§§§'..#
..'...§#§≈≈§§#§.#
.##_.#+##'#####+#
_###'# #...[###


You could see 3 demonic crawlers and a giant eyeball.

Vanquished Creatures
  2 centaur warriors (D)
  A deep troll (D)
  A giant amoeba (D)
  A sixfirhy (D)
  Sonja (D)
  An elephant slug (D)
  An ogre (D)
  A kobold demonologist (D)
  A yellow wasp (D)
  Sigmund (D)
  A jelly (D)
  Ijyb (D)
  A giant spore (D)
  2 ballistomycetes (D)
16 creatures vanquished.

Vanquished Creatures (others)
  A gargoyle (D)
  A giant spore (D)
2 creatures vanquished.

Grand Total: 18 creatures vanquished

Notes
Turn   | Place    | Note
--------------------------------------------------------------
     0 | D        | Kae, the Spriggan Enchanter, began the quest for the Orb.
     0 | D        | Reached XP level 1. HP: 9/9 MP: 4/4
     1 | D        | Noticed Ijyb
    15 | D        | Killed Ijyb
    15 | D        | Reached skill level 6 in Stealth
    15 | D        | Reached XP level 2. HP: 13/13 MP: 3/7
    75 | D        | Learned a level 2 spell: Ensorcelled Hibernation
    76 | D        | Noticed an ogre
    83 | D        | Killed an ogre
    83 | D        | Reached skill level 9 in Stealth
    83 | D        | Reached skill level 5 in Hexes
    83 | D        | Reached XP level 3. HP: 16/16 MP: 3/12
    83 | D        | Reached XP level 4. HP: 21/21 MP: 3/15
   171 | D        | Learned a level 3 spell: Confuse
   179 | D        | Noticed Sigmund
   182 | D        | Killed Sigmund
   182 | D        | Reached skill level 10 in Stealth
   182 | D        | Reached skill level 5 in Spellcasting
   182 | D        | Reached XP level 5. HP: 24/24 MP: 14/19
   234 | D        | Found a shimmering altar of Xom.
   235 | D        | Noticed a jelly
   236 | D        | Found a white marble altar of Elyvilon.
   240 | D        | Killed a jelly
   240 | D        | Reached skill level 11 in Stealth
   247 | D        | Found a basalt altar of Yredelemnul.
   247 | D        | Found a glowing silver altar of Zin.
   247 | D        | Noticed a giant amoeba
   248 | D        | Found a basalt altar of Yredelemnul.
   248 | D        | Found a glowing silver altar of Zin.
   250 | D        | Killed a giant amoeba
   250 | D        | Reached skill level 10 in Short Blades
   250 | D        | Reached skill level 14 in Stealth
   250 | D        | Reached XP level 6. HP: 28/28 MP: 19/23
   250 | D        | Reached XP level 7. HP: 32/32 MP: 20/25
   258 | D        | Found Ucec's Magic Scroll Emporium.
   258 | D        | Found a burning altar of Makhleb.
   258 | D        | Found a shimmering altar of Xom.
   258 | D        | Found a snail-covered altar of Cheibriados.
   258 | D        | Found a shimmering altar of Xom.
   258 | D        | Noticed an elephant slug
   312 | D        | Killed an elephant slug
   433 | D        | Found an ancient bone altar of Kikubaaqudgha.
   457 | D        | Noticed Sonja
   461 | D        | Killed Sonja
   461 | D        | Reached skill level 15 in Stealth
   474 | D        | Noticed a deep troll
   478 | D        | Killed a deep troll
   478 | D        | Reached skill level 16 in Stealth
   478 | D        | Reached XP level 8. HP: 30/36 MP: 26/28
   488 | D        | Found Harche Zisep's Armour Emporium.
   570 | D        | Noticed a centaur warrior
   580 | D        | Found Poegoum's Jewellery Boutique.
   625 | D        | Noticed a centaur warrior
   627 | D        | Killed a centaur warrior
   627 | D        | Reached skill level 17 in Stealth
   627 | D        | Reached skill level 10 in Hexes
   627 | D        | Reached XP level 9. HP: 39/39 MP: 28/30
   629 | D        | Killed a centaur warrior
   629 | D        | Reached skill level 18 in Stealth
   629 | D        | Reached skill level 10 in Spellcasting
   640 | D        | Noticed a yellow wasp
   643 | D        | Killed a yellow wasp
   679 | D        | Noticed a kobold demonologist
   680 | D        | Noticed a kobold demonologist
   682 | D        | Killed a kobold demonologist
   686 | D        | Noticed an ice devil
   989 | D        | Noticed a sixfirhy
  1003 | D        | Killed a sixfirhy
  1153 | D        | Killed a gargoyle
  1234 | D        | Noticed a demonic crawler
  1234 | D        | Noticed a demonic crawler
  1234 | D        | Noticed a demonic crawler
  1234 | D        | Noticed a demonic crawler
  1238 | D        | Paralysed by a giant eyeball for 3 turns
  1239 | D        | Mangled by a demonic crawler

Action                   |  1- 3 |  4- 6 |  7- 9 || total
-------------------------+-------+-------+-------++-------
Melee: Dagger            |    12 |     3 |    43 ||    58
Throw: Dart              |       |       |    12 ||    12
 Cast: Corona            |     2 |       |     2 ||     4
       Ensorcelled Hiber |     2 |     1 |    18 ||    21
       Confuse           |       |       |     2 ||     2
  Use: Potion            |     1 |       |       ||     1
       Scroll            |       |       |     1 ||     1
 Stab: Sleeping          |     1 |     3 |     7 ||    11
       Confused          |       |       |     1 ||     1
